[Event "FICS rated blitz game"]
[Site "FICS freechess.org"]
[FICSGamesDBGameNo "20001482"]
[White "IAmTheWalrus"]
[Black "Rai"]
[WhiteElo "1946"]
[BlackElo "1689"]
[WhiteRD "na"]
[BlackRD "na"]
[TimeControl "180+0"]
[Date "1999.08.27"]
[Time "13:35:00"]
[WhiteClock "0:03:00.000"]
[BlackClock "0:03:00.000"]
[ECO "D66"]
[PlyCount "107"]
[Result "1-0"]

1. d4 d5 2. c4 e6 3. Nc3 Nf6 4. Bg5 Be7 5. Nf3 O-O 6. e3 c6 7. Rc1 Nbd7 8. Be2 h6 9. Bh4 dxc4 10. Bxc4 Nd5 11. Bxe7 Qxe7 12. O-O Nxc3 13. bxc3 e5 14. Re1 e4 15. Nd2 Kh8 16. Qc2 f5 17. f3 Nf6 18. fxe4 fxe4 19. Rf1 Bg4 20. h3 Bh5 21. Rf5 Bg6 22. Re5 Qd6 23. Rf1 Rae8 24. Rxe8 Rxe8 25. Qb3 b5 26. Bf7 Bxf7 27. Qxf7 Rf8 28. Qg6 Qa3 29. Nxe4 Nxe4 30. Rxf8+ Qxf8 31. Qxe4 Qd6 32. Qd3 a5 33. e4 g5 34. Kf2 Kg7 35. Qg3 Qxg3+ 36. Kxg3 b4 37. cxb4 axb4 38. Kg4 Kf6 39. Kh5 Kg7 40. Kg4 Kf6 41. Kf3 Ke6 42. g4 Kd6 43. Ke3 c5 44. Kd3 cxd4 45. Kxd4 Ke6 46. Kd3 Ke5 47. Ke3 Kd6 48. Kd4 Ke6 49. e5 Ke7 50. Kd5 Kd7 51. e6+ Ke7 52. Ke5 Kf8 53. Kf6 Ke8 54. e7 {Black forfeits on time} 1-0

[Event "FICS rated blitz game"]
[Site "FICS freechess.org"]
[FICSGamesDBGameNo "20001481"]
[White "Whimzovich"]
[Black "mikeheth"]
[WhiteElo "1156"]
[BlackElo "1113"]
[WhiteRD "na"]
[BlackRD "na"]
[TimeControl "120+6"]
[Date "1999.08.27"]
[Time "12:37:00"]
[WhiteClock "0:02:00.000"]
[BlackClock "0:02:00.000"]
[ECO "C41"]
[PlyCount "161"]
[Result "1-0"]

1. e4 e5 2. d4 exd4 3. Nf3 d6 4. h3 d5 5. e5 Nc6 6. Bf4 f6 7. exf6 Nxf6 8. Nxd4 Nxd4 9. Qxd4 Bd6 10. Bb5+ Bd7 11. Qe3+ Qe7 12. Bxd7+ Kxd7 13. Qxe7+ Bxe7 14. O-O Rhe8 15. Nc3 Ne4 16. Nxe4 dxe4 17. Rad1+ Kc6 18. Rfe1 Bd6 19. Bxd6 cxd6 20. Rd4 d5 21. Re3 Re6 22. c4 dxc4 23. Rxc4+ Kd5 24. Rb4 b6 25. Rbb3 Rc8 26. Re2 Rce8 27. Rd2+ Kc4 28. Re3 b5 29. b3+ Kc5 30. a3 a5 31. Rc3+ Kb6 32. Re3 a4 33. bxa4 bxa4 34. Rd5 Re5 35. Rd4 Kc5 36. Rxa4 Kb5 37. Rb4+ Kc5 38. Rbb3 g5 39. a4 Kd4 40. a5 Ra8 41. Ra3 Kc5 42. Reb3 Ree8 43. a6 Re7 44. Ra5+ Kd4 45. Ra4+ Kd5 46. Rba3 Rea7 47. Kf1 Kc6 48. Rxe4 Kb5 49. Re5+ Kb6 50. Rxg5 Rxa6 51. Rxa6+ Rxa6 52. Rg7 Ra1+ 53. Ke2 Kc5 54. Rxh7 Ra3 55. Rd7 Ra2+ 56. Kf3 Rb2 57. Kg3 Ra2 58. f4 Rb2 59. Kg4 Rxg2+ 60. Kh4 Rf2 61. Kg5 Rg2+ 62. Kh4 Rf2 63. Kg3 Rb2 64. h4 Kc6 65. Rd3 Rb5 66. Kg4 Rb4 67. h5 Kc5 68. Kg5 Kc4 69. Rd7 Rb2 70. f5 Rg2+ 71. Kh6 Rf2 72. Kg6 Kc5 73. f6 Rg2+ 74. Kh6 Rf2 75. f7 Kc6 76. Ra7 Kd6 77. Kg7 Rg2+ 78. Kf8 Rh2 79. Kg7 Rxh5 80. f8=Q+ Kd5 81. Ra5+ {Black resigns} 1-0

[Event "FICS rated blitz game"]
[Site "FICS freechess.org"]
[FICSGamesDBGameNo "20001480"]
[White "KingPruts"]
[Black "littleEagle"]
[WhiteElo "1487"]
[BlackElo "1438"]
[WhiteRD "na"]
[BlackRD "na"]
[TimeControl "420+5"]
[Date "1999.08.27"]
[Time "09:13:00"]
[WhiteClock "0:07:00.000"]
[BlackClock "0:07:00.000"]
[ECO "B08"]
[PlyCount "89"]
[Result "0-1"]

1. e4 d6 2. d4 Nf6 3. Nc3 g6 4. Nf3 Bg7 5. Bg5 O-O 6. Bc4 Nbd7 7. O-O c6 8. Re1 b5 9. Bd3 Qc7 10. a3 Bb7 11. Qd2 e5 12. dxe5 Nxe5 13. Nxe5 dxe5 14. Rad1 a6 15. Kh1 h6 16. Bh4 g5 17. Bg3 Nh5 18. Re3 Rad8 19. Qe2 Nf4 20. Bxf4 exf4 21. Rf3 g4 22. Bxb5 cxb5 23. Rfd3 h5 24. f3 gxf3 25. Qxf3 Rde8 26. Rd7 Qc8 27. Qxf4 Qc6 28. R1d6 Qc8 29. Rd1 Ba8 30. Rc7 Qe6 31. Rdd7 Qg4 32. Qf1 Bxe4 33. Rxf7 Bxg2+ 34. Qxg2 Qxg2+ 35. Kxg2 Rxf7 36. Rc5 Bxc3 37. Rxc3 Re2+ 38. Kh3 Rff2 39. b4 Rxh2+ 40. Kg3 Rxc2 41. Rd3 h4+ 42. Kg4 Rc4+ 43. Kf3 Rh3+ 44. Ke2 Rxd3 45. Kxd3 {White resigns} 0-1

[Event "FICS rated blitz game"]
[Site "FICS freechess.org"]
[FICSGamesDBGameNo "20001478"]
[White "Bolleveld"]
[Black "Mika"]
[WhiteElo "2194"]
[BlackElo "1934"]
[WhiteRD "na"]
[BlackRD "na"]
[TimeControl "300+0"]
[Date "1999.08.27"]
[Time "05:30:00"]
[WhiteClock "0:05:00.000"]
[BlackClock "0:05:00.000"]
[ECO "B32"]
[PlyCount "135"]
[Result "1-0"]

1. e4 c5 2. Nf3 Nc6 3. d4 cxd4 4. Nxd4 e5 5. Nb5 d6 6. N1c3 a6 7. Na3 b5 8. Nd5 Nge7 9. c4 Nd4 10. Be3 Nxd5 11. cxd5 Be7 12. Bd3 Qa5+ 13. Bd2 Qb6 14. Nc2 O-O 15. O-O Nxc2 16. Qxc2 Bd7 17. Be3 Qb7 18. Rfc1 Rac8 19. Qd2 f5 20. f3 f4 21. Bf2 Bd8 22. Qb4 Be7 23. a4 Qb8 24. axb5 axb5 25. Qa5 Rxc1+ 26. Rxc1 Bd8 27. Qa7 Qxa7 28. Bxa7 Ba5 29. Bf2 Rb8 30. Ra1 Bb6 31. Bxb6 Rxb6 32. Ra7 Be8 33. b4 Kf8 34. Kf2 Rb8 35. Ke2 Rc8 36. Kd2 h6 37. Ra5 Rb8 38. Ra7 g5 39. Rh7 h5 40. Ra7 g4 41. fxg4 hxg4 42. Be2 g3 43. hxg3 fxg3 44. Ke3 Rc8 45. Bd3 Rc3 46. Rh7 Rb3 47. Rh8+ Ke7 48. Rg8 Rxb4 49. Rxg3 Rb3 50. Kd2 b4 51. Rh3 Rb2+ 52. Kc1 Rxg2 53. Rh7+ Bf7 54. Rh8 Rg3 55. Kd2 Be8 56. Rh7+ Kd8 57. Rb7 Bh5 58. Rxb4 Kc7 59. Rc4+ Kd7 60. Ra4 Rg2+ 61. Ke3 Rg3+ 62. Kd2 Bf3 63. Ra7+ Kd8 64. Ra6 Kc7 65. Ra7+ Kb6 66. Ra6+ Kc5 67. Rc6+ Kd4 68. Rc4# {Black checkmated} 1-0

[Event "FICS rated standard game"]
[Site "FICS freechess.org"]
[FICSGamesDBGameNo "20001477"]
[White "ChessMonk"]
[Black "NickalJV"]
[WhiteElo "1179"]
[BlackElo "1369"]
[WhiteRD "na"]
[BlackRD "na"]
[TimeControl "900+30"]
[Date "1999.08.27"]
[Time "01:42:00"]
[WhiteClock "0:15:00.000"]
[BlackClock "0:15:00.000"]
[ECO "A46"]
[PlyCount "77"]
[Result "0-1"]

1. d4 Nf6 2. Nf3 e6 3. e3 d5 4. Ne5 Nbd7 5. Bb5 c6 6. Nxc6 bxc6 7. Bxc6 Rb8 8. Nc3 Bb7 9. Ba4 Be7 10. O-O O-O 11. Re1 g6 12. e4 dxe4 13. Bh6 Re8 14. Nxe4 Nxe4 15. d5 exd5 16. Bf4 Bc5 17. Rf1 Ba6 18. Bxb8 Bxf1 19. Qxf1 Bxf2+ 20. Kh1 Qxb8 21. Bxd7 Ng3+ 22. hxg3 Qxg3 23. Rd1 Re3 24. Rxd5 Re1 25. Qxe1 Bxe1 26. Bc8 Qh4+ 27. Kg1 Bd2 28. Rxd2 Qe1+ 29. Kh2 Qxd2 30. Kh3 Qxc2 31. Kh4 Qxb2 32. Kg5 Qxa2 33. Kh6 Qxg2 34. Bd7 Qh2+ 35. Kg5 a5 36. Bg4 a4 37. Bf3 a3 38. Bd5 Qd2+ 39. Kg4 {White resigns} 0-1

[Event "FICS rated blitz game"]
[Site "FICS freechess.org"]
[FICSGamesDBGameNo "20001476"]
[White "footloose"]
[Black "maui"]
[WhiteElo "1342"]
[BlackElo "1260"]
[WhiteRD "na"]
[BlackRD "na"]
[TimeControl "120+2"]
[Date "1999.08.26"]
[Time "23:22:00"]
[WhiteClock "0:02:00.000"]
[BlackClock "0:02:00.000"]
[ECO "D35"]
[PlyCount "49"]
[Result "1-0"]

1. d4 d5 2. c4 e6 3. Nc3 Nf6 4. e3 Nc6 5. Nf3 Bb4 6. Qc2 O-O 7. a3 Bxc3+ 8. bxc3 e5 9. dxe5 Ne4 10. Bd3 Qe7 11. Bxe4 dxe4 12. Qxe4 Re8 13. O-O g6 14. Bb2 Bf5 15. Qf4 Rad8 16. Rfd1 Rxd1+ 17. Rxd1 Rd8 18. Nd4 Nxe5 19. g3 Bd7 20. c5 Ba4 21. Rc1 Bd7 22. h4 Ng4 23. c4 c6 24. Nf3 h6 25. Rd1 {Black forfeits on time} 1-0

[Event "FICS rated blitz game"]
[Site "FICS freechess.org"]
[FICSGamesDBGameNo "20001475"]
[White "bafq"]
[Black "daredevil"]
[WhiteElo "1178"]
[BlackElo "1309"]
[WhiteRD "na"]
[BlackRD "na"]
[TimeControl "300+12"]
[Date "1999.08.26"]
[Time "20:21:00"]
[WhiteClock "0:05:00.000"]
[BlackClock "0:05:00.000"]
[ECO "B01"]
[PlyCount "58"]
[Result "0-1"]

1. e4 d5 2. exd5 Nf6 3. Bc4 Bg4 4. f3 Bf5 5. Nc3 c6 6. dxc6 Nxc6 7. d3 e5 8. Nge2 Bc5 9. Na4 Bb4+ 10. c3 Bd6 11. b4 Bxb4 12. cxb4 Nxb4 13. Nb2 O-O 14. O-O Qb6+ 15. Kh1 Rad8 16. Ng3 Bg6 17. Qe2 Rfe8 18. a3 Nc6 19. Rb1 Nd4 20. Qf2 Qc6 21. Be3 b5 22. Ba2 a5 23. Rbc1 Qb7 24. Rc5 Nd7 25. Bd5 Qa6 26. Rfc1 Nxc5 27. Rxc5 a4 28. Bxd4 exd4 29. Qxd4 Re1+ {White resigns} 0-1

[Event "FICS rated blitz game"]
[Site "FICS freechess.org"]
[FICSGamesDBGameNo "20001474"]
[White "stada"]
[Black "Jatekos"]
[WhiteElo "1637"]
[BlackElo "1639"]
[WhiteRD "na"]
[BlackRD "na"]
[TimeControl "180+0"]
[Date "1999.08.26"]
[Time "18:13:00"]
[WhiteClock "0:03:00.000"]
[BlackClock "0:03:00.000"]
[ECO "E61"]
[PlyCount "51"]
[Result "1-0"]

1. d4 Nf6 2. c4 g6 3. Nc3 Bg7 4. Nf3 d6 5. Bg5 O-O 6. e3 Nbd7 7. Be2 e5 8. O-O h6 9. Bh4 exd4 10. exd4 g5 11. Bg3 Nb6 12. a3 Nh5 13. b4 Nxg3 14. hxg3 Bg4 15. Rc1 Bxf3 16. Bxf3 Nxc4 17. Bxb7 Rb8 18. Bd5 Nxa3 19. Qa4 Bxd4 20. Qxa3 c5 21. bxc5 Bxc5 22. Qa2 Qf6 23. Ne4 Qe5 24. Nxc5 dxc5 25. Rxc5 Qe2 26. Qxe2 {Black resigns} 1-0

[Event "FICS rated blitz game"]
[Site "FICS freechess.org"]
[FICSGamesDBGameNo "20001472"]
[White "Yuke"]
[Black "MSimpson"]
[WhiteElo "1224"]
[BlackElo "1270"]
[WhiteRD "na"]
[BlackRD "na"]
[TimeControl "360+12"]
[Date "1999.08.26"]
[Time "16:41:00"]
[WhiteClock "0:06:00.000"]
[BlackClock "0:06:00.000"]
[ECO "C00"]
[PlyCount "120"]
[Result "0-1"]

1. e4 e6 2. Nc3 Bb4 3. a3 Bxc3 4. dxc3 d5 5. e5 c5 6. c4 Ne7 7. cxd5 Nxd5 8. Bb5+ Nc6 9. c4 O-O 10. cxd5 Nxe5 11. Nf3 Qa5+ 12. Bd2 Nxf3+ 13. Qxf3 Qxb5 14. Qe2 Qxb2 15. O-O b6 16. Rfb1 Qf6 17. d6 Bb7 18. Rd1 Rad8 19. Rac1 Rxd6 20. Bc3 Qe7 21. Rxd6 Qxd6 22. Be5 Qc6 23. f3 f6 24. Bg3 e5 25. Qe4 Qxe4 26. fxe4 Bxe4 27. Rd1 a5 28. Rd6 b5 29. Kf2 c4 30. Rb6 c3 31. Rxb5 Rc8 32. Ke1 c2 33. Bf4 c1=Q+ 34. Bxc1 Rxc1+ 35. Kd2 Rh1 36. h3 Bxg2 37. Rxa5 Rxh3 38. Ke2 Be4 39. Ra4 Bf5 40. Ra8+ Kf7 41. a4 Ra3 42. a5 Be4 43. Ra7+ Kg6 44. Kd2 h5 45. Kc1 h4 46. Kb2 Re3 47. Rc7 h3 48. Rc1 h2 49. Rg1+ hxg1=Q 50. a6 Ra3 51. Kxa3 Qa7 52. Kb4 Qxa6 53. Kc5 Qc6+ 54. Kb4 Kf7 55. Ka5 Qb7 56. Ka4 Ke6 57. Ka3 Kd5 58. Ka2 Kc4 59. Ka1 Kc3 60. Ka2 Qb2# {White checkmated} 0-1

[Event "FICS rated lightning game"]
[Site "FICS freechess.org"]
[FICSGamesDBGameNo "20001471"]
[White "jdducky"]
[Black "OstapBender"]
[WhiteElo "1488"]
[BlackElo "1316"]
[WhiteRD "na"]
[BlackRD "na"]
[TimeControl "120+0"]
[Date "1999.08.26"]
[Time "16:35:00"]
[WhiteClock "0:02:00.000"]
[BlackClock "0:02:00.000"]
[ECO "C24"]
[PlyCount "95"]
[Result "1-0"]

1. e4 e5 2. Bc4 Nf6 3. Qf3 h6 4. Nc3 Nc6 5. Nge2 d6 6. h3 g5 7. Qg3 Nd4 8. Nxd4 exd4 9. Nd5 g4 10. Nxf6+ Qxf6 11. d3 gxh3 12. Rxh3 c6 13. Rh1 Be6 14. Bxe6 fxe6 15. Bf4 O-O-O 16. O-O-O e5 17. Bd2 Qe6 18. Qh3 Re8 19. Qxe6+ Rxe6 20. Rdf1 h5 21. f4 h4 22. f5 Re7 23. Bg5 Reh7 24. Bf6 Rg8 25. Bxh4 Rg4 26. g3 Bh6+ 27. Kd1 Be3 28. Ke2 Bf4 29. gxf4 exf4 30. Rxf4 Rxf4 31. Bg5 Rg4 32. Rxh7 Rxg5 33. Rh8+ Kc7 34. Re8 Rg2+ 35. Kf3 Rxc2 36. f6 Rc1 37. f7 Rf1+ 38. Kg4 Rxf7 39. Kg5 Kd7 40. Rg8 Ke7 41. Kg6 Rf6+ 42. Kg7 Rf7+ 43. Kg6 Rf6+ 44. Kg5 Rf7 45. e5 dxe5 46. Rg6 Rf6 47. Rg8 Rf7 48. Rb8 {Black forfeits on time} 1-0

[Event "FICS rated standard game"]
[Site "FICS freechess.org"]
[FICSGamesDBGameNo "20001470"]
[White "HotDonut"]
[Black "fencer"]
[WhiteElo "1670"]
[BlackElo "1494"]
[WhiteRD "na"]
[BlackRD "na"]
[TimeControl "1500+10"]
[Date "1999.08.26"]
[Time "16:09:00"]
[WhiteClock "0:25:00.000"]
[BlackClock "0:25:00.000"]
[ECO "C00"]
[PlyCount "149"]
[Result "1-0"]

1. e4 e6 2. d4 c5 3. d5 e5 4. c4 d6 5. b3 Nf6 6. Nd2 h5 7. Bb2 g6 8. Be2 Bg7 9. Nh3 Bg4 10. Bxg4 hxg4 11. Ng1 Nbd7 12. Nf1 Nxe4 13. Qxg4 Qa5+ 14. Ke2 Ndf6 15. Qf3 O-O-O 16. Ng3 Rh4 17. Qe3 Bh6 18. Qd3 Rf4 19. Nf3 Kb8 20. Rhf1 a6 21. Nxe5 Qc7 22. Nf3 Re8 23. Nxe4 Nxe4 24. Kd1 Qa5 25. Kc2 b5 26. Bc3 Qa3 27. cxb5 Nxc3 28. bxa6 Re2+ 29. Nd2 Rxd2+ 30. Qxd2 Na4 31. a7+ Ka8 32. Rfb1 Rc4+ 33. bxc4 Bxd2 34. Rb3 Qb4 35. Rxb4 Bxb4 36. a3 Ba5 37. Kb3 Nb6 38. Ra2 Kxa7 39. Re2 Nc8 40. Re8 Kb7 41. Rf8 f5 42. Rg8 Ne7 43. Rg7 Bd8 44. a4 Ka6 45. Rf7 Ka5 46. Rf6 Nxd5 47. Rxd6 Nb6 48. Rxd8 g5 49. Rf8 f4 50. Rg8 g4 51. Rxg4 Nxa4 52. Rxf4 Nb6 53. Rf6 Nd7 54. Rd6 Ne5 55. f4 Ng4 56. h3 Ne3 57. g4 Ng2 58. f5 Nf4 59. f6 Ng6 60. Rd8 Kb6 61. f7 Kc6 62. f8=Q Nxf8 63. Rxf8 Kd7 64. Ka4 Kd6 65. Rf5 Kc6 66. Ka5 Kd6 67. Kb6 Ke6 68. Kc6 Ke7 69. Kd5 Kd8 70. Rf7 Ke8 71. Ra7 Kf8 72. Ke6 Kg8 73. Kf6 Kh8 74. Kg6 Kg8 75. Ra8# {Black checkmated} 1-0

[Event "FICS rated blitz game"]
[Site "FICS freechess.org"]
[FICSGamesDBGameNo "20001469"]
[White "mrfischer"]
[Black "eisenfaust"]
[WhiteElo "1387"]
[BlackElo "1532"]
[WhiteRD "na"]
[BlackRD "na"]
[TimeControl "300+0"]
[Date "1999.08.26"]
[Time "15:34:00"]
[WhiteClock "0:05:00.000"]
[BlackClock "0:05:00.000"]
[ECO "E60"]
[PlyCount "137"]
[Result "1-0"]

1. d4 Nf6 2. c4 g6 3. Nf3 Bg7 4. g3 c6 5. Bg2 d5 6. Qc2 O-O 7. O-O Bf5 8. Qc3 Nbd7 9. Bf4 Nb6 10. Nbd2 Ne4 11. Nxe4 Bxe4 12. Be5 Nxc4 13. Bxg7 Kxg7 14. Ne5 Bxg2 15. Kxg2 Nxe5 16. dxe5 e6 17. Qb3 Qc7 18. Qc3 Rac8 19. Rfc1 b6 20. Rc2 c5 21. Rac1 d4 22. Qxd4 cxd4 23. Rxc7 Rxc7 24. Rxc7 Ra8 25. Rd7 h6 26. Rxd4 a6 27. Rd6 b5 28. a3 Ra7 29. b4 f6 30. exf6+ Kxf6 31. e4 Ke5 32. Rc6 Kxe4 33. Rxe6+ Kf5 34. Re3 a5 35. bxa5 Rxa5 36. f4 Kf6 37. h4 Ra6 38. g4 Rc6 39. g5+ hxg5 40. fxg5+ Kf7 41. Kg3 Rc4 42. Rf3+ Kg7 43. Rd3 b4 44. axb4 Rxb4 45. Rd7+ Kg8 46. Rd6 Kg7 47. Rf6 Rc4 48. Rf4 Rc3+ 49. Kg4 Rc2 50. Rf3 Rc4+ 51. Kg3 Rb4 52. Rc3 Rd4 53. Rc7+ Kg8 54. Rc6 Kg7 55. Rf6 Rc4 56. Rf4 Rc3+ 57. Rf3 Rc4 58. Rf6 Rb4 59. Rf4 Rb3+ 60. Kg4 Rb1 61. Ra4 Rb3 62. Ra7+ Kg8 63. Ra4 Rc3 64. h5 gxh5+ 65. Kxh5 Rc6 66. g6 Rc7 67. Kh6 Rd7 68. Ra8+ Rd8 69. Rxd8# {Black checkmated} 1-0

[Event "FICS rated lightning game"]
[Site "FICS freechess.org"]
[FICSGamesDBGameNo "20001468"]
[White "waterror"]
[Black "giantfish"]
[WhiteElo "1563"]
[BlackElo "1749"]
[WhiteRD "na"]
[BlackRD "na"]
[TimeControl "60+0"]
[Date "1999.08.26"]
[Time "15:27:00"]
[WhiteClock "0:01:00.000"]
[BlackClock "0:01:00.000"]
[ECO "B00"]
[PlyCount "40"]
[Result "0-1"]

1. e4 b6 2. d4 Bb7 3. c4 Bxe4 4. d5 Bxb1 5. Rxb1 e6 6. Nf3 Bb4+ 7. Bd2 Bc5 8. b4 Be7 9. Bf4 Bxb4+ 10. Rxb4 Nf6 11. dxe6 fxe6 12. Bg5 O-O 13. Bd3 Nc6 14. Rb2 Qe7 15. Rd2 Qb4 16. O-O Ne8 17. Bc2 Nd6 18. a3 Qxa3 19. c5 Qxc5 20. Be3 Qh5 {White forfeits on time} 0-1

[Event "FICS rated lightning game"]
[Site "FICS freechess.org"]
[FICSGamesDBGameNo "20001467"]
[White "Obliviax"]
[Black "Rambocombo"]
[WhiteElo "2050"]
[BlackElo "1894"]
[WhiteRD "na"]
[BlackRD "na"]
[TimeControl "60+0"]
[Date "1999.08.26"]
[Time "14:12:00"]
[WhiteClock "0:01:00.000"]
[BlackClock "0:01:00.000"]
[ECO "A85"]
[PlyCount "101"]
[Result "1-0"]

1. c4 e6 2. Nc3 f5 3. d4 Nf6 4. Bg5 Be7 5. Nf3 O-O 6. e3 d6 7. Bd3 Qe8 8. O-O Nc6 9. Re1 Qg6 10. Bxf6 Bxf6 11. e4 e5 12. exf5 Bxf5 13. Bxf5 Qxf5 14. d5 Ne7 15. Ne4 Rac8 16. Ng3 Qg6 17. b4 b6 18. Qd3 Qf7 19. Ne4 h5 20. Nfg5 Bxg5 21. Nxg5 Qf5 22. Qxf5 Rxf5 23. Ne6 Kf7 24. Re3 c6 25. Rg3 g6 26. Ng5+ Kf6 27. Ne4+ Kf7 28. Nxd6+ Kf6 29. Nxc8 Nxc8 30. dxc6 g5 31. h3 Ne7 32. b5 Ng6 33. Rd3 Nf4 34. Rd6+ Ke7 35. Rd7+ Ke6 36. Rxa7 e4 37. Re1 Ne2+ 38. Rxe2 g4 39. Rxe4+ Kf6 40. hxg4 Kg5 41. gxh5 Rxf2 42. c7 Rxg2+ 43. Kxg2 Kxh5 44. c8=Q Kg5 45. Rg4+ Kf6 46. Qf8+ Ke5 47. Re7+ Kd6 48. Qf6+ Kc5 49. Qe5+ Kb4 50. Qb2+ Ka5 51. Ra7# {Black checkmated} 1-0

[Event "FICS rated blitz game"]
[Site "FICS freechess.org"]
[FICSGamesDBGameNo "20001465"]
[White "brandonn"]
[Black "zele"]
[WhiteElo "2000"]
[BlackElo "1922"]
[WhiteRD "na"]
[BlackRD "na"]
[TimeControl "300+3"]
[Date "1999.08.26"]
[Time "12:49:00"]
[WhiteClock "0:05:00.000"]
[BlackClock "0:05:00.000"]
[ECO "B80"]
[PlyCount "53"]
[Result "1-0"]

1. e4 c5 2. Nf3 e6 3. d4 cxd4 4. Nxd4 Nf6 5. Nc3 d6 6. Bd3 Nc6 7. Nxc6 bxc6 8. O-O Be7 9. Kh1 O-O 10. Bg5 Qc7 11. f4 e5 12. f5 Rb8 13. Rf3 h6 14. Bh4 Rd8 15. Rg3 d5 16. exd5 cxd5 17. Qd2 Kf8 18. Bxf6 Bxf6 19. Be2 Bxf5 20. Rf1 Bg6 21. Nxd5 Qxc2 22. Qxc2 Bxc2 23. Nxf6 gxf6 24. Rxf6 Rxb2 25. h3 Rd2 26. Bc4 Be4 27. Rxf7+ {Black resigns} 1-0

[Event "FICS rated blitz game"]
[Site "FICS freechess.org"]
[FICSGamesDBGameNo "20001464"]
[White "reinovsky"]
[Black "robinboy"]
[WhiteElo "1444"]
[BlackElo "1403"]
[WhiteRD "na"]
[BlackRD "na"]
[TimeControl "180+5"]
[Date "1999.08.26"]
[Time "11:45:00"]
[WhiteClock "0:03:00.000"]
[BlackClock "0:03:00.000"]
[ECO "A87"]
[PlyCount "81"]
[Result "1-0"]

1. d4 f5 2. c4 g6 3. Nf3 Nf6 4. g3 Bg7 5. Bg2 O-O 6. O-O Re8 7. Nc3 d6 8. d5 c6 9. h3 e5 10. dxe6 Bxe6 11. Qd3 Nbd7 12. e4 Nc5 13. Qe2 fxe4 14. Ng5 d5 15. Nxe6 Rxe6 16. cxd5 cxd5 17. Be3 d4 18. Rad1 d3 19. Qd2 Ncd7 20. Bg5 Nc5 21. Be3 b6 22. b4 Na6 23. Bg5 Nxb4 24. Bxf6 Qxf6 25. Nxe4 Qd4 26. a3 Nd5 27. Qxd3 Qxd3 28. Rxd3 Re5 29. Nf6+ Nxf6 30. Bxa8 Bh6 31. Rfd1 Re2 32. Kf1 Rb2 33. Rf3 Bg7 34. Rd8+ Kf7 35. Rd7+ Ke6 36. Rxg7 Ke5 37. Rf7 Ne4 38. Re3 Ke6 39. Rxh7 Rb1+ 40. Kg2 Kf5 41. Bxe4+ {Black resigns} 1-0

[Event "FICS rated blitz game"]
[Site "FICS freechess.org"]
[FICSGamesDBGameNo "20001463"]
[White "horse"]
[Black "fuchur"]
[WhiteElo "1406"]
[BlackElo "1409"]
[WhiteRD "na"]
[BlackRD "na"]
[TimeControl "120+12"]
[Date "1999.08.26"]
[Time "09:49:00"]
[WhiteClock "0:02:00.000"]
[BlackClock "0:02:00.000"]
[ECO "C44"]
[PlyCount "76"]
[Result "0-1"]

1. e4 e5 2. Nf3 Nc6 3. d4 exd4 4. Bc4 Bc5 5. c3 h6 6. cxd4 Nxd4 7. Nxd4 d6 8. O-O Nf6 9. Nb3 Bb6 10. a4 a6 11. Re1 O-O 12. e5 dxe5 13. Qxd8 Rxd8 14. Nc3 Bf5 15. Rxe5 Bg6 16. Re1 Ng4 17. Be3 Nxe3 18. fxe3 Re8 19. Nd4 Rxe3 20. Rxe3 Bxd4 21. Re1 Re8 22. Kf2 Kf8 23. Kf3 Rxe3+ 24. Rxe3 Bxe3 25. Kxe3 Ke7 26. Nd5+ Kd6 27. Nf4 Bc2 28. Bxf7 Bxa4 29. Nh5 Bc6 30. g3 g5 31. Bb3 Be8 32. Nf6 Bg6 33. Ng4 h5 34. Nf6 Ke5 35. Ne8 Bxe8 36. Bd1 h4 37. gxh4 gxh4 38. Bf3 c6 {White forfeits on time} 0-1

[Event "FICS rated blitz game"]
[Site "FICS freechess.org"]
[FICSGamesDBGameNo "20001462"]
[White "faris"]
[Black "paraplan"]
[WhiteElo "1550"]
[BlackElo "1675"]
[WhiteRD "na"]
[BlackRD "na"]
[TimeControl "360+12"]
[Date "1999.08.26"]
[Time "07:41:00"]
[WhiteClock "0:06:00.000"]
[BlackClock "0:06:00.000"]
[ECO "D85"]
[PlyCount "65"]
[Result "1-0"]

1. d4 Nf6 2. c4 g6 3. Nc3 d5 4. cxd5 Nxd5 5. e4 Nxc3 6. bxc3 c5 7. f4 Bg7 8. e5 O-O 9. Nf3 cxd4 10. cxd4 Bg4 11. Be2 Nc6 12. Be3 Qa5+ 13. Qd2 Qxd2+ 14. Nxd2 Bxe2 15. Kxe2 Rfd8 16. Nf3 Nb4 17. Rhc1 Nd5 18. Rc4 e6 19. Rac1 b5 20. R4c2 b4 21. Ne1 Nc3+ 22. Kf3 a5 23. Nd3 Bf8 24. a3 Rab8 25. g4 h6 26. f5 exf5 27. gxf5 gxf5 28. Nf4 Be7 29. Nh5 Nd5 30. Bxh6 Kh7 31. Rc6 bxa3 32. Rg1 Rg8 33. Bg7 {Black forfeits on time} 1-0

[Event "FICS rated blitz game"]
[Site "FICS freechess.org"]
[FICSGamesDBGameNo "20001461"]
[White "meb"]
[Black "iyah"]
[WhiteElo "1109"]
[BlackElo "1090"]
[WhiteRD "na"]
[BlackRD "na"]
[TimeControl "180+0"]
[Date "1999.08.25"]
[Time "20:31:00"]
[WhiteClock "0:03:00.000"]
[BlackClock "0:03:00.000"]
[ECO "D00"]
[PlyCount "47"]
[Result "1-0"]

1. d4 d5 2. Nc3 Nf6 3. Nf3 Bf5 4. Bf4 e6 5. Nb5 Bd6 6. Bxd6 cxd6 7. e3 a6 8. Nc3 Nc6 9. Bd3 O-O 10. Bxf5 exf5 11. h3 Ne4 12. O-O Qf6 13. g4 fxg4 14. hxg4 Qg6 15. Ne5 dxe5 16. dxe5 Rad8 17. Nxe4 dxe4 18. Qe2 Nxe5 19. f4 exf3 20. Qf2 Nxg4 21. Qg3 Rd2 22. Rxf3 Rg2+ 23. Kxg2 Nxe3+ 24. Kf2 {Black forfeits on time} 1-0

[Event "FICS rated blitz game"]
[Site "FICS freechess.org"]
[FICSGamesDBGameNo "20001460"]
[White "shaker"]
[Black "Vald"]
[WhiteElo "1730"]
[BlackElo "1813"]
[WhiteRD "na"]
[BlackRD "na"]
[TimeControl "180+0"]
[Date "1999.08.25"]
[Time "19:03:00"]
[WhiteClock "0:03:00.000"]
[BlackClock "0:03:00.000"]
[ECO "C35"]
[PlyCount "42"]
[Result "0-1"]

1. e4 e5 2. f4 exf4 3. Nf3 Be7 4. Bc4 Nf6 5. e5 Ng4 6. O-O Nc6 7. d4 d5 8. exd6 Bxd6 9. h3 Ne3 10. Bxe3 fxe3 11. Ne5 Bxe5 12. Bxf7+ Ke7 13. Nc3 Bf6 14. Rxf6 gxf6 15. Qh5 Qxd4 16. Kh1 Be6 17. Bxe6 Kxe6 18. Rd1 Qe5 19. Qg4+ Kf7 20. Rd7+ Ne7 21. Nd5 e2 {White resigns} 0-1

[Event "FICS rated blitz game"]
[Site "FICS freechess.org"]
[FICSGamesDBGameNo "20001459"]
[White "drewheth"]
[Black "Leebros"]
[WhiteElo "1159"]
[BlackElo "1179"]
[WhiteRD "na"]
[BlackRD "na"]
[TimeControl "300+0"]
[Date "1999.08.25"]
[Time "17:59:00"]
[WhiteClock "0:05:00.000"]
[BlackClock "0:05:00.000"]
[ECO "C40"]
[PlyCount "70"]
[Result "1-0"]

1. e4 e5 2. Nf3 d5 3. exd5 e4 4. Nd4 Qxd5 5. Nb3 Bb4 6. c3 Ba5 7. d4 f5 8. Bf4 Nc6 9. Nxa5 Qxa5 10. b4 Qd5 11. Bxc7 Nf6 12. Qb3 Qd7 13. Bg3 Qe7 14. Bb5 Be6 15. Qa4 O-O 16. Bxc6 bxc6 17. Qxc6 Rfc8 18. Qa4 Bc4 19. Bh4 e3 20. Bxf6 gxf6 21. fxe3 Qxe3+ 22. Kd1 Be2+ 23. Kc2 Bd3+ 24. Kb3 Bxb1 25. Rc1 Qxc1 26. c4 Qe3+ 27. Kb2 Bd3 28. Qb3 Qxd4+ 29. Ka3 Rxc4 30. Rb1 Bxb1 31. Qxb1 Qc3+ 32. Qb3 Qxb3+ 33. Kxb3 Rc6 34. Ka4 a5 35. bxa5 Rc5 {Black forfeits on time} 1-0

[Event "FICS rated blitz game"]
[Site "FICS freechess.org"]
[FICSGamesDBGameNo "20001458"]
[White "kemar"]
[Black "Cunctator"]
[WhiteElo "1728"]
[BlackElo "1695"]
[WhiteRD "na"]
[BlackRD "na"]
[TimeControl "180+0"]
[Date "1999.08.25"]
[Time "16:52:00"]
[WhiteClock "0:03:00.000"]
[BlackClock "0:03:00.000"]
[ECO "E11"]
[PlyCount "114"]
[Result "1/2-1/2"]

1. d4 Nf6 2. c4 e6 3. Nf3 Bb4+ 4. Bd2 Qe7 5. Nc3 O-O 6. g3 c5 7. dxc5 Na6 8. Bg2 Nxc5 9. O-O Bxc3 10. Bxc3 Nce4 11. Be1 d5 12. cxd5 Nxd5 13. Ne5 Ndf6 14. a3 Rb8 15. Bb4 Nc5 16. Qd4 b6 17. Nc6 Qc7 18. Nxb8 Qxb8 19. Bxc5 bxc5 20. Qxc5 Qxb2 21. e3 Bb7 22. Qb4 Qxb4 23. axb4 Bxg2 24. Kxg2 Nd5 25. b5 Nc3 26. Ra5 Rb8 27. Rxa7 Nxb5 28. Rd7 h6 29. Rb1 Rb6 30. h4 Rb8 31. Rd2 Kf8 32. Rdb2 Rc8 33. Rxb5 g6 34. Rb8 Rxb8 35. Rxb8+ Ke7 36. Kf3 Kd7 37. Ke4 Ke7 38. Rb7+ Kf6 39. g4 g5 40. hxg5+ hxg5 41. f4 gxf4 42. exf4 Kg6 43. g5 f5+ 44. gxf6 Kxf6 45. Rb6 Ke7 46. Rxe6+ Kxe6 47. f5+ Kf6 48. Kf4 Kg7 49. Ke5 Kf7 50. Kd5 Kf6 51. Ke4 Ke7 52. Ke5 Kf7 53. f6 Ke8 54. Ke6 Kf8 55. f7 Kg7 56. Ke7 Kg6 57. f8=Q Kg5 {White ran out of time and Black has no material to mate} 1/2-1/2